 Dungeon Sprint DCSS version 0.24.0-123-gd5b16e6ec5 (webtiles) character file.

Game seed: 5663060887738091898, levelgen mode: deterministic

4131 Bombadil the Scorcher (level 10, -1/55 HPs)
             Began as a Tengu Fire Elementalist on Jan 3, 2020.
             Was a High Priest of Vehumet.
             Killed from afar by a deep elf mage (32 damage)
             ... with an orb of energy
             ... in the Dungeon (Sprint III: "The Ten Rune Challenge").
             The game lasted 00:10:21 (1593 turns).

Bombadil the Scorcher (Tengu Fire Elementalist)     Turns: 1593, Time: 00:10:22

Health: -1/55      AC: 10    Str:  5    XL:     10   Next: 27%
Magic:  21/27      EV:  9    Int: 19    God:    Vehumet [*****.]
Gold:   828        SH:  0    Dex: 14    Spells: 15/33 levels left

rFire    . . .     SeeInvis +   t - +2 long sword (holy)
rCold    + . .     Gourm    .   (no shield)
rNeg     . . .     Faith    .   A - +2 scale mail {rC+}
rPois    +         Spirit   .   (helmet restricted)
rElec    .         Reflect  .   (no cloak)
rCorr    +         Harm     .   k - +1 pair of gloves "Ybbew" {rPois rCorr Str-4 SInv}
MR       .....     NoTele   +   (boots unavailable)
Stlth    +++.......             (no amulet)
HPRegen  0.18/turn              (no ring)
MPRegen  0.20/turn              (no ring)

@: flying quickly and evasively, quick
A: beak, talons 3, camouflage 1, robust 1, MP-powered wands, able to fly
a: Stop Flying, Renounce Religion


You were in the Dungeon.
You worshipped Vehumet.
Vehumet was extremely pleased with you.
You were not hungry.

You visited 1 branch You collected 1720 gold pieces.
You spent 892 gold pieces at shops.

Inventory:

Hand Weapons
 t - a +2 long sword of holy wrath (weapon)
Armour
 a - a +0 robe
 j - a +2 robe of positive energy
 k - the +1 pair of gloves "Ybbew" (worn) {rPois rCorr Str-4 SInv}
   (You bought it in a shop in the Dungeon)

   It affects your strength (-4).
   It protects you from poison.
   It lets you see invisible.
   It provides partial protection from all sources of acid and corrosion.
 y - a +0 scale mail
 A - a +2 scale mail of cold resistance (worn)
Jewellery
 x - an uncursed amulet of regeneration {unknown}
 z - an uncursed ring of poison resistance {unknown}
Wands
 b - a wand of flame (25)
Scrolls
 i - a scroll of blinking
 l - a scroll of torment {unknown}
 m - a scroll of immolation {unknown}
 n - a scroll of remove curse
 o - a scroll of holy word {unknown}
 p - a scroll of identify {unknown}
 w - a scroll of enchant weapon {unknown}
Potions
 d - 3 potions of curing
 e - 3 potions of heal wounds
 f - 3 potions of haste
 g - 2 potions of magic
 h - 2 potions of berserk rage
 q - a potion of agility {unknown}
 r - 2 potions of flight
 s - 2 potions of mutation
 u - a potion of might
Miscellaneous
 v - a box of beasts
Comestibles
 c - 4 rations


   Skills:
 + Level 2.6 Long Blades
 + Level 0.3 Armour
 + Level 7.0 Dodging
 + Level 7.0 Stealth
 + Level 12.0 Spellcasting
 + Level 12.5 Conjurations
 + Level 15.5 Fire Magic


You had 15 spell levels left.
You knew the following spells:

 Your Spells              Type           Power        Failure   Level  Hunger
a - Flame Tongue          Conj/Fire      #####        1%          1    None
b - Conjure Flame         Conj/Fire      ######..     1%          3    None
c - Sticky Flame          Conj/Fire      ######..     1%          4    ##.....
d - Fireball              Conj/Fire      ######....   3%          5    ####...
e - Bolt of Draining      Conj/Necr      #####.....   58%         5    ####...

Your spell library contained the following spells:

 Spells                   Type           Power        Failure   Level  Hunger
 Throw Flame              Conj/Fire      ######       1%          2    None
 Inner Flame              Hex/Fire       #####...     5%          3    None
 Animate Skeleton         Necr           N/A          83%         1    None
 Apportation              Tloc           ##....       83%         1    None
 Confusing Touch          Hex            ##....       83%         1    None
 Summon Small Mammal      Summ           ##..         83%         1    None
 Confuse                  Hex            ##......     99%         3    None
 Gell's Gravitas          Tloc           ##........   99%         3    None
 Petrify                  Tmut/Erth      ##......     100%        4    ##.....
 Metabolic Englaciation   Hex/Ice        ##........   100%        5    ####...
 Yara's Violent Unravell  Hex/Tmut       ##........   100%        5    ####...


Dungeon Overview and Level Annotations

Branches:
Dungeon (1/1)

Altars:
Cheibriados
Dithmenos
Elyvilon
Fedhas
Gozag
Hepliaklqana
Kikubaaqudgha
Makhleb
Nemelex Xobeh
Okawaru
Qazlal
Ru
Sif Muna
Trog
Uskayaw
Vehumet
Wu Jian
Xom
Yredelemnul
Zin
The Shining One
Beogh
Jiyva
Lugonu

Shops:
D *


Innate Abilities, Weirdness & Mutations

You have a beak for a mouth.
You have claws for feet.
You can fly continuously.
Your skin changes colour to match your surroundings (Stealth+).
You are robust. (+10% HP)
You expend magic power (3 MP) to strengthen your wands.


Message History

You kill the deep elf knight!
Vehumet accepts your kill.
You feel your power returning.
Your Spellcasting skill increases to level 12!
Your Conjurations skill increases to level 12!
The fireball engulfs the battlesphere.
The battlesphere resists.
The battlesphere is moderately damaged.
Unknown command.
Unknown command.
Casting: Fireball (safe; 3% risk of failure)
Confirm with . or Enter, or press ? or * to list all spells.
Aiming: Flame Tongue (safe; 1% risk of failure)
Press: ? - help, Shift-Dir - straight line, f/p - deep elf mage
Aim: a deep elf mage, wielding a +0 rapier (heavily wounded)
The flame tongue hits the deep elf mage!
The deep elf mage is almost dead.
The deep elf mage gestures at you while chanting.
The orb of energy hits you!!
Ouch! That really hurt!
You die...

▓▓ ▓▓ ▓▓▓
.###############.##.##########
.#___#___#__##.##∩.#..e'.#...#
.#...#__)#._#.........##.#...##≈
.###'#'###(##......*.###.#...≈≈≈
.#.........)#)).@..e.# #.#...##≈
.'.⌠....)..[#.#.#.##.# #ee...#
.#...######'#.####.##.########
.#.⌠.#__#.(.#'#########
.#...#__#.))#..§≈§+.#
.#[###__#...#.#§≈§#.#
.#.).#__#...'.#.§§#.#
.#___#__'...#.#.§§#.E
▓▓▓▓▓▓▓▓▓▓▓▓▓▓▓▓▓▓▓▓▓▓


You could see 2 deep elf magi and a battlesphere.

Vanquished Creatures
  Snorg (D)
  A deep elf knight (D)
  2 orc knights (D)
  2 deep elf magi (D)
  A shadow (D)
  A spatial vortex (D)
  2 orc warriors (D)
  A necrophage (D)
  A water elemental (D)
  A jelly (D)
  3 orc priests (D)
  A wizard (D)
  Jessica (D)
  An orc wizard (D)
  A necromancer (D)
  3 humans (D)
  A kobold demonologist (D)
  An ooze (D)
  A phantom (D)
  9 orcs (D)
  A goblin (D)
  A rat (D)
37 creatures vanquished.

Vanquished Creatures (others)
  2 draconian scorchers (D)
  6 hellions (D)
  A yaktaur (D)
  An electric eel (D)
10 creatures vanquished.

Grand Total: 47 creatures vanquished

Notes
Turn   | Place    | Note
-------+----------+-------------------------------------------
     0 | D        | Bombadil the Tengu Fire Elementalist began the quest for
                  | the Orb.
     0 | D        | Reached XP level 1. HP: 10/10 MP: 4/4
     3 | D        | Reached skill level 4 in Fire Magic
    41 | D        | Noticed Jessica
    42 | D        | Killed Jessica
    42 | D        | Reached skill level 6 in Fire Magic
    42 | D        | Reached XP level 2. HP: 15/15 MP: 4/7
    42 | D        | Reached XP level 3. HP: 19/19 MP: 4/8
    82 | D        | Learned a level 3 spell: Conjure Flame
    91 | D        | Killed a hellion
    92 | D        | Killed a hellion
   135 | D        | Killed a yaktaur
   136 | D        | Killed a hellion
   149 | D        | Killed a hellion
   149 | D        | Killed a hellion
   163 | D        | Killed a white draconian scorcher
   189 | D        | Killed a white draconian scorcher
   203 | D        | Gained mutation: Scrolls take you a little longer to read.
                  | [potion of mutation]
   203 | D        | Gained mutation: You possess an exceptional clarity of
                  | mind. [potion of mutation]
   204 | D        | Lost mutation: Scrolls take you a little longer to read.
                  | [potion of mutation]
   204 | D        | Lost mutation: You possess an exceptional clarity of mind.
                  | [potion of mutation]
   204 | D        | Gained mutation: You are robust. (+10% HP) [potion of
                  | mutation]
   204 | D        | Gained mutation: You expend magic power (3 MP) to
                  | strengthen your wands. [potion of mutation]
   204 | D        | Gained mutation: Your skin changes colour to match your
                  | surroundings (Stealth+). [potion of mutation]
   216 | D        | Killed a hellion
   218 | D        | Noticed a water elemental
   221 | D        | Killed a water elemental
   221 | D        | Reached skill level 8 in Fire Magic
   221 | D        | Reached XP level 4. HP: 17/26 MP: 4/11
   227 | D        | Learned a level 4 spell: Sticky Flame
   329 | D        | Found a radiant altar of Vehumet.
   330 | D        | Found a shimmering blue altar of Sif Muna.
   330 | D        | Found an ancient bone altar of Kikubaaqudgha.
   330 | D        | Noticed a wizard
   332 | D        | Killed a wizard
   332 | D        | Gained mutation: You can fly continuously. [Tengu growth]
   332 | D        | Reached XP level 5. HP: 28/30 MP: 8/13
   338 | D        | Became a worshipper of Vehumet
   402 | D        | Found a glowing silver altar of Zin.
   403 | D        | Found a glowing golden altar of the Shining One.
   403 | D        | Found a white marble altar of Elyvilon.
   403 | D        | Noticed a deep elf mage
   413 | D        | Killed a deep elf mage
   413 | D        | Reached skill level 5 in Stealth
   413 | D        | Reached skill level 11 in Fire Magic
   413 | D        | Reached XP level 6. HP: 30/35 MP: 6/16
   413 | D        | Reached XP level 7. HP: 33/39 MP: 6/18
   489 | D        | Found a hide-covered altar of Uskayaw.
   489 | D        | Found a roughly hewn altar of Beogh.
   489 | D        | Found an iron altar of Okawaru.
   489 | D        | Found a bloodstained altar of Trog.
   489 | D        | Found an ornate altar of the Wu Jian Council.
   489 | D        | Noticed a human
   489 | D        | Noticed a human
   501 | D        | Learned a level 5 spell: Fireball
   525 | D        | Killed a human
   525 | D        | Reached skill level 12 in Fire Magic
   525 | D        | Killed a human
   525 | D        | Reached * piety under Vehumet
   525 | D        | Offered knowledge of Sting by Vehumet.
   525 | D        | Reached skill level 5 in Conjurations
   620 | D        | Found a basalt altar of Yredelemnul.
   620 | D        | Found a shadowy altar of Dithmenos.
   620 | D        | Found a sacrificial altar of Ru.
   639 | D        | Reached skill level 13 in Fire Magic
   639 | D        | Reached XP level 8. HP: 45/45 MP: 14/20
   728 | D        | Noticed a shadow
   732 | D        | Killed a shadow
   732 | D        | Reached ** piety under Vehumet
   732 | D        | Offered knowledge of Magic Dart by Vehumet.
   767 | D        | Found a blossoming altar of Fedhas.
   767 | D        | Found a stormy altar of Qazlal.
   768 | D        | Found a snail-covered altar of Cheibriados.
   768 | D        | Found a burning altar of Makhleb.
   768 | D        | Found a hazy altar of Hepliaklqana.
   768 | D        | Found a shimmering altar of Xom.
   768 | D        | Found an opulent altar of Gozag.
   768 | D        | Found a sparkling altar of Nemelex Xobeh.
   768 | D        | Found a corrupted altar of Lugonu.
   768 | D        | Found a viscous altar of Jiyva.
   870 | D        | Noticed Snorg
   899 | D        | Killed Snorg
   899 | D        | Offered knowledge of Ignite Poison by Vehumet.
   899 | D        | Reached skill level 1 in Long Blades
   899 | D        | Reached skill level 10 in Spellcasting
   899 | D        | Reached skill level 14 in Fire Magic
   899 | D        | Reached XP level 9. HP: 49/49 MP: 5/24
  1025 | D        | Reached *** piety under Vehumet
  1026 | D        | Reached **** piety under Vehumet
  1031 | D        | Noticed an orc knight
  1063 | D        | Offered knowledge of Static Discharge by Vehumet.
  1063 | D        | Reached skill level 10 in Conjurations
  1155 | D        | Reached ***** piety under Vehumet
  1178 | D        | Noticed an orc knight
  1225 | D        | Killed an orc knight
  1225 | D        | Offered knowledge of Dazzling Spray by Vehumet.
  1393 | D        | Killed an orc knight
  1393 | D        | Reached skill level 15 in Fire Magic
  1511 | D        | Found Ziruus's Assorted Antiques.
  1515 | D        | Offered knowledge of Bolt of Draining by Vehumet.
  1522 | D        | Learned a level 5 spell: Bolt of Draining
  1534 | D        | Bought a pair of ichor-stained gloves for 199 gold pieces
  1534 | D        | Bought a scroll labeled YVYZXO MIKHE for 21 gold pieces
  1534 | D        | Bought a thin amethyst amulet for 105 gold pieces
  1534 | D        | Bought a potion of heal wounds for 105 gold pieces
  1534 | D        | Bought a shiny scale mail for 147 gold pieces
  1534 | D        | Bought a runed peridot ring for 105 gold pieces
  1534 | D        | Bought a potion of curing for 63 gold pieces
  1539 | D        | Identified the +1 pair of gloves "Ybbew" {rPois rCorr Str-4
                  | SInv} (You bought it in a shop in the Dungeon)
  1560 | D        | Bought a shiny scale mail for 147 gold pieces
  1575 | D        | Noticed a deep elf knight
  1575 | D        | Noticed a deep elf mage
  1575 | D        | Noticed a deep elf mage
  1575 | D        | Noticed a deep elf mage
  1575 | D        | Noticed a deep elf mage
  1588 | D        | Killed a deep elf mage
  1588 | D        | Reached XP level 10. HP: 50/55 MP: 22/26
  1592 | D        | Killed a deep elf knight
  1593 | D        | Killed from afar by a deep elf mage

Levels and vault maps discovered:
D:        dungeon_sprint_mu [sprint_mu_entry_forest, sprint_mu_temple_rooms,
          sprint_mu_d1_horrors, sprint_mu_d2_genie, sprint_mu_d3_branching,
          sprint_mu_orc_legion, sprint_mu_elf_gauntlet, sprint_mu_hive_nellie,
          sprint_mu_lair_fedhas, sprint_mu_vaults_butterflies,
          sprint_mu_slime_circle, sprint_mu_shoals_kraken,
          sprint_mu_snake_twists, sprint_mu_blade_basic,
          sprint_mu_crypt_chambers, sprint_mu_tomb_spiral,
          sprint_mu_vestibule_basic, sprint_mu_gehenna_hellfire,
          sprint_mu_dis_giant, sprint_mu_tartarus_statrot,
          sprint_mu_cocytus_islands, sprint_mu_zot1]

Skill      XL: |  1  2  3  4  5  6  7  8  9 10 |
---------------+-------------------------------+-----
Fire Magic     | 6 8 11 13 14 15 | 15.5
Dodging        | 3 4 6 7 |  7.0
Spellcasting   | 3 4 6 7 10 11 12 | 12.0
Stealth        | 3 5 6 7 |  7.0
Conjurations   | 2 4 5 9 11 12 | 12.5
Long Blades    | 1 2 |  2.6
Armour         | |  0.3

Action                   |  1- 3 |  4- 6 |  7- 9 | 10-12 || total
-------------------------+-------+-------+-------+-------++-------
Melee: Long sword        |       |       |     1 |       ||     1
 Cast: Flame Tongue      |    13 |     1 |    51 |     1 ||    66
       Conjure Flame     |     1 |       |     2 |       ||     3
       Sticky Flame      |       |     3 |     4 |       ||     7
       Fireball          |       |       |    13 |     1 ||    14
 Abil: Fly               |       |       |     1 |       ||     1
  Use: Potion            |     2 |       |       |       ||     2
       Scroll            |       |       |     1 |       ||     1
 Stab: Sleeping          |       |       |     1 |       ||     1
  Eat: Chunk             |       |       |     6 |       ||     6
Armor: Robe              |       |       |     1 |       ||     1
Dodge: Dodged            |       |       |     7 |       ||     7
       Rpst.: Long sword |       |       |     3 |       ||     3
